 Dungeon Crawl Stone Soup version 0.25.1-2-g60ff931df9 (webtiles) character file.

Game seed: 10590448667016051671

106528 diana the Warrior (level 16, -1/111 HPs)
             Began as a Gargoyle Gladiator on Sept 19, 2020.
             Was the Champion of Okawaru.
             Slain by a merfolk
             ... wielding a +0 glaive
              (11 damage)
             ... on level 1 of the Shoals.
             The game lasted 00:53:29 (33778 turns).

diana the Warrior (Gargoyle Gladiator)             Turns: 33778, Time: 00:53:29

Health: -1/111     AC: 43    Str: 19    XL:     16   Next: 44%
Magic:  0/21       EV: 13    Int: 15    God:    Okawaru [******]
Gold:   2823       SH:  0    Dex: 11    Spells: 15/15 levels left

rFire    . . .     SeeInvis +   m - +4 lajatang (elec)
rCold    + . .     Gourm    .   (shield currently unavailable)
rNeg     + . .     Faith    .   B - +0 plate armour
rPois    ∞         Spirit   +   c - +0 helmet
rElec    +         Reflect  .   M - +2 cloak {rC+}
rCorr    .         Harm     .   K - +1 pair of gloves
MR       +....                  (no boots)
Stlth    ..........             J - amulet of guardian spirit
HPRegen  0.28/turn              T - +4 ring of protection
MPRegen  0.17/turn              y - ring of see invisible

@: heroism, flying
A: big wings, negative energy resistance 1, electricity resistance, unbreathing,
petrification resistance, rot immunity, AC +12
a: Stop Flying, Heroism, Finesse, Renounce Religion


You were on level 1 of the Shoals.
You worshipped Okawaru.
Okawaru was exalted by your worship.
You were hungry.

You visited 5 branches of the dungeon, and saw 25 of its levels.
You also visited: Ice Cave.

You collected 2874 gold pieces.
You spent 51 gold pieces at shops.

Inventory:

Hand Weapons
 m - a +4 lajatang of electrocution (weapon)
 R - the +7 quarterstaff "Xeriybuse" {venom, +Fly rN+ Dex+3 Stlth+}
   (Okawaru gifted it to you on level 4 of the Lair of Beasts)

   It poisons the flesh of those it strikes.
   It affects your dexterity (+3).
   It protects you from negative energy.
   It lets you fly.
   It makes you more stealthy.
Missiles
 d - 5 throwing nets (quivered)
Armour
 c - a +0 helmet (worn)
 B - a +0 plate armour (worn)
 K - a +1 pair of gloves (worn)
 M - a +2 cloak of cold resistance (worn)
Jewellery
 y - a ring of see invisible (right hand)
 A - an uncursed amulet of reflection
 J - an amulet of guardian spirit (around neck)
 T - a +4 ring of protection (left hand)
Wands
 a - a wand of digging (5)
 x - a wand of flame (76)
 z - a wand of random effects (73)
 H - a wand of clouds (2)
 Q - a wand of paralysis (11)
 U - a wand of polymorph (6)
Scrolls
 b - 3 scrolls of enchant weapon
 e - 15 scrolls of teleportation
 g - 3 scrolls of amnesia
 h - 5 scrolls of remove curse
 k - 2 scrolls of brand weapon
 n - a scroll of noise {unknown}
 o - 2 scrolls of fear
 p - 3 scrolls of magic mapping
 q - a scroll of acquirement {unknown}
 s - a scroll of fog {unknown}
 t - 5 scrolls of immolation
 D - 6 scrolls of enchant armour
 P - a scroll of blinking {unknown}
 W - a scroll of holy word {unknown}
 Y - a scroll of vulnerability {unknown}
Potions
 j - 2 potions of heal wounds
 l - a potion of magic {unknown}
 r - a potion of cancellation {unknown}
 u - 6 potions of curing
 v - 2 potions of lignification
 w - a potion of degeneration {unknown}
 C - 4 potions of haste
 F - 5 potions of might
 G - 2 potions of stabbing {unknown}
 I - 4 potions of flight
 L - 2 potions of brilliance
 V - a potion of mutation {unknown}
 X - 2 potions of ambrosia {unknown}
 Z - a potion of berserk rage
Comestibles
 f - 50 rations


   Skills:
 + Level 16.7(21.7) Fighting
 - Level 14.0(19.0) Staves
 - Level 2.0(7.0) Throwing
 - Level 14.0(19.0) Armour
 + Level 11.9(16.9) Dodging
 - Level 7.0 Invocations


You had 15 spell levels left.
You didn't know any spells.
Your spell library contained the following spells:

 Spells                   Type           Power        Failure   Level  Hunger
 Corona                   Hex            #......      94%         1    ##.....
 Magic Dart               Conj           #...         94%         1    ##.....
 Sandblast                Erth           #.....       94%         1    ##.....
 Ensorcelled Hibernation  Hex/Ice        #.....       98%         2    ###....
 Searing Ray              Conj           #.....       98%         2    ###....
 Confusing Touch          Hex            #.......     100%        3    ####...
 Dazzling Flash           Conj/Hex       #.....       100%        3    ####...
 Gell's Gravitas          Tloc           #.........   100%        3    ####...
 Stone Arrow              Conj/Erth      #.....       100%        3    ####...
 Tukima's Dance           Hex            #.......     100%        3    ####...
 Fulminant Prism          Conj/Hex       #.........   100%        4    #####..
 Iskenderun's Mystic Bla  Conj/Tloc      #.......     100%        4    #####..
 Leda's Liquefaction      Hex/Erth       #.........   100%        4    #####..
 Petrify                  Tmut/Erth      #.......     100%        4    #####..
 Metabolic Englaciation   Hex/Ice        #.........   100%        5    ######.
 Yara's Violent Unravell  Hex/Tmut       #.........   100%        5    ######.
 Statue Form              Tmut/Erth      Unusable     N/A         6    N/A

Dungeon Overview and Level Annotations

Branches:
Dungeon (15/15)            Temple (1/1) D:7            Lair (6/6) D:9
 Shoals (1/4) Lair:4        Snake (0/4) Lair:3        Slime (0/5) Lair:6
    Orc (2/2) D:12            Elf (0/3) Orc:2        Vaults (0/5) D:14
 Depths (0/5) D:15          IceCv (visited)

Altars:
Ashenzari
Cheibriados
Gozag
Hepliaklqana
Kikubaaqudgha
Makhleb
Okawaru
Qazlal
Trog
Uskayaw
Xom
Zin
Beogh
Jiyva

Shops:
D:6 ![   D:8 (   D:13 }   D:14 }   Orc:1 [[!(   Orc:2 ?[}%%

Annotations:
D:10 1 runed translucent door, Cael's ghost, novice TrTm
Lair:2 1 runed translucent door, Pechyafi's ghost, journeyman DDEE


Innate Abilities, Weirdness & Mutations

You are resistant to torment.
Your stone body is resilient. (AC +12)
You are immune to poison.
Your large and strong wings let you fly indefinitely.
You resist negative energy. (rN+)
You are resistant to electric shocks. (rElec)
You can survive without breathing.
You are immune to petrification.
You are immune to rotting.


Message History

The sea snake completely misses you. The merfolk closely misses you.
The merfolk barely misses you.
You slice the merfolk!! Lightning courses through the merfolk!!
You kill the merfolk!
Okawaru accepts your kill.
The merfolk hits you from afar with a +0 vorpal halberd.
* * * LOW HITPOINT WARNING * * *
The sea snake completely misses you.
You slash the sea snake!
The sea snake is moderately wounded.
The merfolk misses you.
You slash the sea snake!
The sea snake is heavily wounded.
The sea snake bites you but does no damage.
The merfolk completely misses you.
You slice the sea snake!!
The sea snake is almost dead.
The sea snake bites you but does no damage.
The merfolk hits you from afar with a +0 glaive!
You die...

≈≈≈≈≈≈≈≈≈≈≈≈≈≈≈≈≈PP≈≈P≈≈.≈..≈≈≈
≈≈≈≈≈≈≈≈≈≈≈≈≈≈≈≈PPP≈≈≈≈.......≈
≈≈≈≈≈≈≈≈≈≈≈≈≈≈≈≈≈PPP≈≈P...<....
≈≈≈≈≈≈≈≈≈≈≈≈≈≈.PPP≈≈≈≈P...##...
.≈≈≈≈≈≈≈≈≈≈≈≈≈.PPPP≈≈≈≈≈≈.###.≈
..≈≈≈≈≈≈)≈≈≈≈.m.P≈≈≈≈≈≈≈≈≈≈≈...
!≈≈≈≈≈≈≈≈≈≈≈≈##..≈≈......≈≈≈.≈≈
≈≈≈....≈≈≈≈≈≈)##m≈≈≈.....≈≈≈≈≈≈
≈≈......≈≈≈..)@Sm.≈≈≈≈...≈≈≈≈≈≈
≈.............##...≈≈≈...≈≈≈≈≈≈
.......≈≈?....###.......≈≈≈≈≈≈≈
..≈≈..≈≈≈≈..##.. ...##..≈≈≈≈≈≈≈
...≈..≈≈≈≈.## #. ...# .≈≈≈≈≈≈≈
..≈. ....# ≈≈≈≈≈≈≈ ... ...##
.≈≈≈≈≈≈ .. ## .≈≈≈≈≈≈ #.≈≈≈≈≈


You could see a sea snake and 2 merfolk.

Vanquished Creatures
  Rupert (D:12)
  Roxanne (D:15)
  A frost giant (IceCv)
  An ettin (Orc:1)
  A merfolk impaler (Shoals:1)
  5 vault guards (D:14)
  Fannar (D:12)
  Erolcha (D:10)
  2 fire dragons (D:15)
  Harold (D:7)
  16 hydras
  A centaur warrior (D:13)
  A catoblepas (Lair:6)
  An ice dragon (D:15)
  3 two-headed ogres
  A deep troll shaman (Lair:6)
  4 death yaks (Lair:6)
  4 orc high priests (Orc:2)
  A deep elf archer (D:14)
  A lindwurm (Lair:6)
  8 orc knights
  Pikel (D:7)
  12 ugly things
  A cyclops (D:12)
  A manticore (D:15)
  4 deep elf magi
  8 orc sorcerers
  Joseph (D:8)
  A merfolk siren (Lair:4)
  20 elephants
  4 black mambas (Lair:6)
  2 ice statues (IceCv)
  3 gargoyles
  Maggie (D:6)
  9 spiny frogs
  2 rime drakes
  3 komodo dragons
  3 yaktaurs (D:15)
  4 trolls
  A tengu conjurer (D:11)
  4 merfolk
  A wind drake (Shoals:1)
  15 polar bears
  A hornet (D:15)
  5 slime creatures
  2 dream sheep (D:8)
  8 hippogriffs
  A snapping turtle (Shoals:1)
  18 blink frogs
  Sigmund (D:5)
  A shadow (D:12)
  2 vampires
  66 yaks
  A wraith (D:7)
  2 humans (D:14)
  2 basilisks
  3 hungry ghosts
  3 steam dragons
  3 wyverns
  6 vampire mosquitoes
  Grum (D:10)
  4 nagas (Lair:3)
  6 water moccasins
  8 porcupines
  A hornet zombie (D:15)
  12 ice beasts
  3 slaves (D:6)
  5 black bears
  32 orc warriors
  4 sky beasts
  3 phantoms
  12 ogres
  30 wolves
  4 boggarts
  7 centaurs
  12 crocodiles
  3 big kobolds (D:8)
  10 bullfrogs
  A wyvern zombie (D:6)
  2 wyvern skeletons
  A scorpion (D:13)
  12 wights
  3 killer bees (D:12)
  4 howler monkeys
  6 crimson imps
  3 lava snakes (D:13)
  3 hounds
  2 centaur zombies
  4 jellies
  25 orc priests
  2 bullfrog skeletons
  Crazy Yiuf (D:7)
  8 centaur skeletons
  An iguana (D:6)
  29 orc wizards
  12 worker ants
  2 hound zombies
  3 worker ant zombies
  4 gnolls
  9 adders
  A shadow imp (D:11)
  An ooze (D:2)
  2 adder skeletons
  4 worms
  7 dart slugs
  6 leopard geckos
  107 orcs
  11 bats
  4 giant cockroaches
  17 hobgoblins
  22 jackals
  5 quokkas
  A ball python (D:4)
  A ball python zombie (D:6)
  5 frilled lizards
  13 goblins
  15 kobolds
  A quokka skeleton (D:6)
  7 rats
806 creatures vanquished.

Vanquished Creatures (others)
  An orc wizard (D:9)
  3 orcs
  A quokka (D:7)
  4 fungi (Lair:1)
  4 plants
13 creatures vanquished.

Grand Total: 819 creatures vanquished

Notes
Turn   | Place    | Note
-------+----------+-------------------------------------------
     0 | D:1      | diana the Gargoyle Gladiator began the quest for the Orb.
     0 | D:1      | Reached XP level 1. HP: 12/12 MP: 1/1
   142 | D:1      | Reached XP level 2. HP: 14/18 MP: 2/2
   594 | D:1      | Reached XP level 3. HP: 18/22 MP: 3/3
   940 | D:1      | Reached skill level 1 in Armour
  1220 | D:1      | Reached skill level 3 in Fighting
  1235 | D:1      | Reached XP level 4. HP: 28/28 MP: 4/4
  1694 | D:2      | Noticed a black bear
  1717 | D:2      | Killed a black bear
  1717 | D:2      | Reached XP level 5. HP: 32/32 MP: 5/5
  2068 | D:2      | Found a hide-covered altar of Uskayaw.
  2070 | D:2      | Noticed a +0 hand axe
  2070 | D:2      | Noticed a +0 hand axe
  2713 | D:3      | Reached XP level 6. HP: 36/38 MP: 6/6
  3430 | D:4      | Reached skill level 4 in Fighting
  3782 | D:4      | Noticed an orc warrior
  4055 | D:4      | Found a stormy altar of Qazlal.
  4106 | D:4      | Found a snail-covered altar of Cheibriados.
  4292 | D:4      | Killed an orc warrior
  4292 | D:4      | Reached XP level 7. HP: 9/44 MP: 7/7
  4813 | D:4      | Found an opulent altar of Gozag.
  4958 | D:5      | Entered Level 5 of the Dungeon
  5141 | D:5      | Found an iron altar of Okawaru.
  5224 | D:5      | Became a worshipper of Warmaster Okawaru
  5233 | D:5      | Noticed Sigmund
  5273 | D:5      | Killed Sigmund
  5273 | D:5      | Reached skill level 5 in Fighting
  5273 | D:5      | Reached skill level 5 in Staves
  5680 | D:5      | You fall into a shaft and drop 1 floor!
  5834 | D:5      | Reached XP level 8. HP: 49/49 MP: 8/8
  6179 | D:5      | Found a glowing silver altar of Zin.
  6191 | D:5      | Reached * piety under Okawaru
  6467 | D:5      | Reached skill level 5 in Armour
  6579 | D:6      | Noticed Maggie
  6763 | D:6      | Reached skill level 6 in Fighting
  6968 | D:6      | Found a bloodstained altar of Trog.
  7172 | D:6      | Found Ofiotoiwi's Armour Shoppe.
  7220 | D:6      | Found a shattered altar of Ashenzari.
  7220 | D:6      | Found a burning altar of Makhleb.
  7228 | D:6      | Reached ** piety under Okawaru
  7321 | D:6      | Killed Maggie
  7321 | D:6      | Reached skill level 7 in Fighting
  7321 | D:6      | Reached XP level 9. HP: 35/57 MP: 9/9
  7372 | D:6      | Found an ancient bone altar of Kikubaaqudgha.
  7688 | D:6      | Found Neukif's Distillery.
  8204 | D:7      | Noticed Pikel
  8235 | D:7      | Killed Pikel
  8235 | D:7      | Reached *** piety under Okawaru
  8296 | D:7      | Found a staircase to the Ecumenical Temple.
  8318 | D:7      | Reached skill level 8 in Fighting
  8792 | D:7      | Noticed Harold
  8828 | D:7      | Killed Harold
  8828 | D:7      | Reached XP level 10. HP: 26/65 MP: 7/10
  8926 | Temple   | Entered the Ecumenical Temple
  9262 | D:7      | Reached skill level 9 in Fighting
  9309 | D:7      | Found a runed translucent door.
  9310 | D:7      | Noticed Crazy Yiuf
  9695 | D:7      | Killed Crazy Yiuf
  9866 | D:8      | Reached **** piety under Okawaru
  9914 | D:8      | Received a gift from Okawaru
 10023 | D:8      | Noticed a two-headed hydra
 10039 | D:8      | Killed a two-headed hydra
 10331 | D:8      | Paralysed by fainting for 5 turns
 10383 | D:8      | Found Afuxief's Weapon Shop.
 10414 | D:9      | Reached skill level 10 in Fighting
 10422 | D:9      | Paralysed by fainting for 10 turns
 10459 | D:9      | Found a glowing silver altar of Zin.
 10682 | D:8      | Reached XP level 11. HP: 58/72 MP: 11/11
 10705 | D:8      | Reached ***** piety under Okawaru
 10898 | D:8      | Reached skill level 10 in Armour
 10962 | D:8      | Noticed Joseph
 10989 | D:8      | Killed Joseph
 11318 | D:9      | Noticed a two-headed ogre
 11571 | D:9      | Found a staircase to the Lair.
 11586 | D:9      | Received a gift from Okawaru
 11586 | D:9      | Reached skill level 10 in Staves
 11591 | D:9      | Got a warped quarterstaff {god gift}
 11592 | D:9      | Identified the +0 quarterstaff of Perversion {drain, rPois
                  | rC+ Str-4 SInv} (Okawaru gifted it to you on level 9 of the
                  | Dungeon)
 11945 | D:9      | Killed a two-headed ogre
 12104 | D:10     | Entered Level 10 of the Dungeon
 12144 | D:10     | Noticed Erolcha
 12159 | D:10     | Killed Erolcha
 12375 | D:10     | Found a runed translucent door.
 12632 | D:10     | Noticed Grum
 12647 | D:10     | Killed Grum
 12830 | D:10     | Noticed a +0 rapier of chaos
 12831 | D:10     | Found a shimmering altar of Xom.
 12832 | D:10     | Noticed Cael's ghost (novice TrTm)
 12868 | D:11     | Found a frozen archway.
 12963 | IceCv    | Entered an ice cave
 13306 | IceCv    | Reached skill level 1 in Invocations
 13354 | IceCv    | Received a gift from Okawaru
 13374 | IceCv    | Reached XP level 12. HP: 42/79 MP: 5/13
 14615 | IceCv    | Noticed a frost giant
 14636 | IceCv    | Killed a frost giant
 14636 | IceCv    | Reached skill level 5 in Invocations
 14641 | IceCv    | Received a gift from Okawaru
 14657 | IceCv    | Got a brightly glowing glaive {god gift}
 14658 | IceCv    | Identified the +6 glaive "Cohuriru" {vorpal, rC+ rN++ MP+9
                  | Stlth-} (Okawaru gifted it to you in an ice cave)
 15962 | Lair:1   | Entered Level 1 of the Lair of Beasts
 16966 | Lair:1   | Noticed a seven-headed hydra
 16985 | Lair:1   | Killed a seven-headed hydra
 17397 | Lair:1   | Reached XP level 13. HP: 83/83 MP: 18/18
 17735 | Lair:1   | Got an ancient robe
 17739 | Lair:1   | Identified the +2 robe "Fuicoin" {*Slow rElec Int+10} (You
                  | found it on level 1 of the Lair of Beasts)
 17892 | Lair:1   | Received a gift from Okawaru
 18689 | Lair:2   | Found a runed translucent door.
 18690 | Lair:2   | Noticed Pechyafi's ghost (journeyman DDEE)
 18766 | Lair:2   | You fall into a shaft and drop 1 floor!
 19566 | Lair:3   | Found a staircase to the Snake Pit.
 20692 | Lair:4   | Reached skill level 11 in Fighting
 20737 | Lair:4   | Reached skill level 5 in Dodging
 20825 | Lair:4   | Received a gift from Okawaru
 20866 | Lair:4   | Got a crystal quarterstaff {god gift}
 20867 | Lair:4   | Identified the +7 quarterstaff "Xeriybuse" {venom, +Fly rN+
                  | Dex+3 Stlth+} (Okawaru gifted it to you on level 4 of the
                  | Lair of Beasts)
 21334 | Lair:4   | Found a staircase to the Shoals.
 21390 | Lair:4   | Reached ****** piety under Okawaru
 21979 | Lair:5   | Gained mutation: Your large and strong wings let you fly
                  | indefinitely. [Gargoyle growth]
 21979 | Lair:5   | Reached XP level 14. HP: 76/91 MP: 15/19
 22299 | Lair:5   | Reached skill level 12 in Fighting
 22686 | Lair:6   | Entered Level 6 of the Lair of Beasts
 22893 | Lair:6   | Received a gift from Okawaru
 23581 | Lair:5   | Reached skill level 13 in Fighting
 24147 | Lair:5   | HP: 4/94 [komodo dragon (11)]
 24148 | Lair:5   | HP: 1/94 [komodo dragon (11)]
 24151 | Lair:5   | Received a gift from Okawaru
 24158 | Lair:5   | Got glimmering swamp dragon scales {god gift}
 24169 | Lair:5   | Identified the +3 swamp dragon scales "Rasaisawk" {rPois
                  | MR+ rCorr} (Okawaru gifted it to you on level 5 of the Lair
                  | of Beasts)
 24574 | Lair:6   | Found a viscous altar of Jiyva.
 24575 | Lair:6   | Found a staircase to the Slime Pits.
 25144 | Lair:6   | Found a hide-covered altar of Uskayaw.
 25801 | D:12     | Reached skill level 14 in Fighting
 25801 | D:12     | Reached XP level 15. HP: 82/100 MP: 16/20
 26053 | D:12     | Found a staircase to the Orcish Mines.
 26490 | D:12     | Noticed Rupert
 26502 | D:12     | Killed Rupert
 26693 | D:12     | Found a hazy altar of Hepliaklqana.
 26750 | D:12     | Found a roughly hewn altar of Beogh.
 26857 | D:12     | Noticed Fannar
 26870 | D:12     | Killed Fannar
 26993 | D:13     | Found Wyluvvox's Gadget Boutique.
 27031 | D:13     | Identified the +4 dire flail "Cuydukorr" {protect, rPois
                  | MR+ Str-3}
 27875 | D:14     | Reached skill level 10 in Dodging
 28285 | D:14     | Received a gift from Okawaru
 28385 | D:14     | Reached skill level 15 in Fighting
 28641 | D:14     | Found a gate to the Vaults.
 28721 | D:14     | Found Paegem's Gadget Shoppe.
 28850 | D:14     | Got a transparent ring mail
 28856 | D:14     | Identified the +1 ring mail of Rost {Dex+6} (You found it
                  | on level 14 of the Dungeon)
 29057 | D:15     | Entered Level 15 of the Dungeon
 29290 | Orc:1    | Entered Level 1 of the Orcish Mines
 29424 | Orc:1    | Found Poajer's Gadget Shoppe.
 29477 | Orc:2    | Entered Level 2 of the Orcish Mines
 29552 | Orc:2    | Found Ruxkayg's Magic Scroll Shop.
 29669 | Orc:2    | Found a staircase to the Elven Halls.
 30699 | Orc:2    | Reached XP level 16. HP: 68/110 MP: 13/21
 30702 | Orc:2    | Found Ruman's Food Boutique.
 30702 | Orc:2    | Found Etuemil's Armour Shoppe.
 30861 | Orc:2    | Found Dofev's Food Boutique.
 30861 | Orc:2    | Found Eroimiask's Gadget Shoppe.
 31056 | Orc:1    | Found Nyisoycu's Armour Emporium.
 31057 | Orc:1    | Reached skill level 16 in Fighting
 31077 | Orc:1    | Found Nirchinus's Antique Armour Emporium.
 31093 | Orc:1    | Received a gift from Okawaru
 31545 | Orc:1    | Found Iwedaemo's Distillery.
 31548 | Orc:1    | Bought a potion of curing for 51 gold pieces
 31558 | Orc:1    | Found Qeaheg's Antique Weapon Emporium.
 31877 | D:15     | Received a gift from Okawaru
 32152 | D:15     | Found a staircase to the Depths.
 32484 | D:15     | Received a gift from Okawaru
 32498 | D:15     | Identified Roxanne's Collected Works on Earth
 32498 | D:15     | Noticed Roxanne
 33056 | D:15     | Killed Roxanne
 33649 | Shoals:1 | Entered Level 1 of the Shoals
 33778 | Shoals:1 | Slain by a merfolk

Illustrated notes

Levels and vault maps discovered:
D:1:      heliophobic_arrival_glass_houses, layout_loops_ring, item_on_display_a
D:2:      layout_basic, dancing_weapons_uskayaw
D:3:      layout_loops_corners, kennysheep_generic_room_6
D:4:      layout_rooms, lemuel_doored_altar, nicolae_overflow_crystal_walls,
          nicolae_overflow_hidden_temple
D:5:      kennysheep_spiral_hall, layout_loops_ring, overflow_temple_1_default,
          okawaru_gym_becter, first_ration, amethyst_killhole, uniq_sigmund
D:6:      corexii_shantytown, layout_cave_pools,
          gammafunk_temple_overflow_forgotten, trog_ov_bears_minmay,
          serial_shops, shop, nicolae_shop_stone, st_stairs_11, uniq_maggie
D:7:      layout_cave_pools, minmay_temple_entry_proselytizer, serial_rivers,
          chequers_serial_rivers_small_3, chequers_serial_rivers_small_a,
          chequers_serial_rivers_micro_e, chequers_serial_rivers_micro_e,
          uniq_pikel, uniq_crazy_yiuf_cottage, uniq_harold
D:8:      layout_rooms, serial_shops, shop, hangedman_ranch
          [blue_anna_fruit_fields], uniq_joseph
D:9:      cheibrodos_steamvent, layout_rooms, lair_entry_dummy, serial_glass,
          glass_columns_b, glass_columns_b, glass_columns_c, glass_columns_b,
          glass_columns_b, glass_columns_b, glass_columns_c, glass_columns_a,
          basic_altar
D:10:     layout_rooms, ebering_ghost_xom, uniq_erolcha, uniq_grum
D:11:     layout_loops_cross, portal_ice_cave_entry_ice_beasts, special_room
          [special_room_orc]
D:12:     layout_irregular_city, minmay_orc_entry_temple_small, basic_altar,
          uniq_rupert, uniq_fannar
D:13:     layout_basic, serial_shops, nicolae_shop_crystal
D:14:     layout_roguey, grunt_vaults_entry_fortified, grunt_decor_one_mirror,
          serial_shops, nicolae_shop_window_shopping, minmay_diced_spiral
D:15:     grunt_enter_depths_hoard, layout_basic,
          minmay_misc_feat_secret_circle, uniq_roxanne
Temple:   minmay_temple_bridge_abc
Lair:1:   layout_chaotic_city, infiniplex_staircase_pool_2,
          serial_bayou_shore_b, lemuel_fruit_tree
Lair:2:   layout_small_grid, serial_rivers, chequers_serial_rivers_room_b,
          chequers_serial_rivers_small_a, chequers_serial_rivers_small_b,
          chequers_serial_rivers_micro_c, chequers_serial_rivers_small_a,
          hellmonk_ghost_happy_afterlife, chequers_serial_rivers_small_b,
          grunt_megastairs_3
Lair:3:   layout_cave_pods, minmay_snake_entry_guardpost_large
Lair:4:   layout_big_grid, elwin_shoals_entry_rooms, serial_bayou_shore_a,
          grunt_megastairs_2
Lair:5:   layout_hall_layers
Lair:6:   grunt_lair_end_beastmaster, layout_cave_shapes,
          dpeg_slime_entry_enclosed_altar, basic_altar, kilobyte_rumbling_trees
Shoals:1: layout_shoals
Orc:1:    layout_diamond_mine, serial_shops, shop_statue,
          nicolae_shop_behind_doors, shop, shop,
          nicolae_shop_temple_entry_statues_fountains
Orc:2:    grunt_orc_tribal_feast, layout_diamond_mine, serial_shops, shop

Skill      XL: |  1  2  3  4  5  6  7  8  9 10 11 12 13 14 15 16 |
---------------+-------------------------------------------------+-----
Throwing       | 2 |  2.0
Armour         | 1 2 3 4 6 8 9 11 13 14 | 14.0
Fighting       | 3 4 5 7 8 10 11 14 15 16 | 16.7
Dodging        | 3 4 6 9 11 | 11.9
Staves         | 4 5 6 8 9 11 12 14 | 14.0
Invocations    | 2 6 7 |  7.0

Action                   |  1- 3 |  4- 6 |  7- 9 | 10-12 | 13-15 | 16-18 || total
-------------------------+-------+-------+-------+-------+-------+-------++-------
Melee: Quarterstaff      |   116 |   244 |   569 |   707 |   219 |       ||  1855
       Lajatang          |       |       |       |   252 |  1196 |   311 ||  1759
Throw: Throwing net      |       |     1 |       |       |       |       ||     1
Invok: Heroism           |       |       |     2 |     5 |     5 |     2 ||    14
       Finesse           |       |       |       |     1 |     2 |       ||     3
 Abil: Fly               |       |       |       |       |     1 |       ||     1
Evoke: Wand              |       |       |       |     3 |       |       ||     3
  Use: Scroll            |       |     2 |     1 |     5 |     8 |     5 ||    21
       Potion            |       |     1 |     3 |     2 |     4 |     2 ||    12
 Stab: Sleeping          |     1 |       |       |       |       |       ||     1
       Invisible         |       |       |     2 |       |       |       ||     2
       Petrified         |       |       |       |       |    12 |       ||    12
       Petrifying        |       |       |       |       |     2 |       ||     2
  Eat: Chunk             |     1 |    10 |    13 |    34 |    37 |     7 ||   102
       Ration            |       |       |     1 |       |     2 |     1 ||     4
Armor: Leather armour    |    53 |     2 |       |       |       |       ||    55
       Chain mail        |       |   165 |    67 |       |       |       ||   232
       Plate armour      |       |       |   404 |   793 |  1489 |   189 ||  2875
Dodge: Dodged            |   121 |   136 |   233 |   365 |   801 |   163 ||  1819
